[Event "Titled Tuesday Blitz October 25 Late 2022"]
[White "Butolo, Alexandru-Mircea"]
[Black "Culum, Sanjin"]
[WhiteFideId "1261649"]
[BlackFideId "14420937"]
[WhiteElo "1897"]
[BlackElo "2180"]
[Result "0-1"]
[Round "01"]
[TimeControl "180+1"]
[Date "2022.10.26"]
[WhiteClock "0:00:04"]
[BlackClock "0:00:14"]

1. d4 e6 2. Bf4 d6 3. e3 Ne7 4. Nc3 Nd7 5. Qd2 g6 6. O-O-O Bg7 7. h4 h5 8. f3 O-O 9. g4 hxg4 10. fxg4 e5 11. dxe5 Nxe5 12. Bxe5 Bxe5 13. Be2 Be6 14. Nf3 Bg7 15. Ng5 Nc6 16. Nxe6 fxe6 17. Bd3 Ne5 18. h5 Qg5 19. hxg6 Rf3 20. Qh2 Nxd3+ 21. Rxd3 Qxg6 22. Qh5 Qxh5 23. gxh5 Bh6 24. Kd2 Raf8 25. Ne2 Rf2 26. Ra3 a6 27. Rb3 b5 28. Ra3 Rg2 29. Rg1 Rxg1 30. Nxg1 Rf2+ 31. Ne2 Rf3 32. Nd4 Rf2+ 33. Ne2 Rh2 34. Rxa6 Rxh5 35. Ra8+ Kf7 36. Ra7 Rd5+ 37. Kc1 Rc5 38. Kd2 Rd5+ 39. Ke1 Rc5 40. Kd2 Ke7 41. b4 Rd5+ 42. Kc3 Kd7 43. Nd4 Bxe3 44. Nxb5 Rxb5 45. Ra5 Rxa5 46. bxa5 Ba7 47. Kb4 Kc6 48. c4 e5 49. a4 e4 0-1


[Site "https://www.chess.com"]

[Event "Titled Tuesday Blitz October 25 Late 2022"]
[White "Caruana, Fabiano"]
[Black "Radovic, Luka"]
[WhiteFideId "2020009"]
[BlackFideId "911569"]
[WhiteElo "3059"]
[BlackElo "2519"]
[Result "1-0"]
[Round "01"]
[TimeControl "180+1"]
[Date "2022.10.26"]
[WhiteClock "0:01:41"]
[BlackClock "0:00:56"]

1. e4 c5 2. Nf3 d6 3. Bb5+ Bd7 4. a4 Nc6 5. O-O Nf6 6. Re1 e6 7. c3 Be7 8. d4 d5 9. e5 Ne4 10. Nbd2 cxd4 11. cxd4 f5 12. exf6 Nxf6 13. Bxc6 bxc6 14. Nb3 O-O 15. Ne5 Ne4 16. f3 Nf6 17. Nc5 Bxc5 18. dxc5 Be8 19. Qd4 a5 20. Bd2 Nh5 21. g3 Bg6 22. Nxc6 Qe8 23. Ne5 Bc2 24. Bc3 Bb3 25. c6 Qe7 26. Re3 Bc2 27. Rae1 Rf6 28. Nd7 Rh6 29. Nb6 Rf8 30. Nxd5 Qg5 31. Nc7 Nxg3 32. Qxg7+ Qxg7 33. Bxg7 Kxg7 34. hxg3 Bxa4 35. Nxe6+ 1-0


[Site "https://www.chess.com"]

[Event "Titled Tuesday Blitz October 25 Late 2022"]
[White "Coelho, Ramyres Santana"]
[Black "Domingo Nunez, Ruben"]
[WhiteFideId "2120690"]
[BlackFideId "22245570"]
[WhiteElo "1888"]
[BlackElo "2406"]
[Result "1-0"]
[Round "01"]
[TimeControl "180+1"]
[Date "2022.10.26"]
[WhiteClock "0:00:03"]
[BlackClock "0:00:01"]

1. e4 Nc6 2. d4 d5 3. e5 Bf5 4. c3 f6 5. exf6 exf6 6. Bd3 Bxd3 7. Qxd3 Qd7 8. Nf3 O-O-O 9. b4 Re8+ 10. Be3 Nh6 11. O-O Nf5 12. a4 g5 13. a5 g4 14. Nfd2 a6 15. Na3 Na7 16. Nb3 Re4 17. Nc5 Bxc5 18. bxc5 Rhe8 19. Nc2 Qb5 20. Qd2 h5 21. Rfb1 Qd7 22. Ra3 Nc6 23. Qd3 h4 24. Rab3 Nxa5 25. Rxb7 Nxb7 26. Qxa6 Kd8 27. Qxb7 g3 28. c6 Qd6 29. hxg3 hxg3 30. Ra1 gxf2+ 31. Bxf2 Ke7 32. Ra7 Kf7 33. Qxc7+ Qxc7 34. Rxc7+ Kg6 35. Rd7 Re2 36. Nb4 Ra8 37. g4 Ra1+ 38. Kg2 Nh4+ 39. Kg3 Ra3 40. Nxd5 f5 41. Kxh4 Rxf2 42. Rd6+ Kg7 43. Rd7+ Kf8 44. Rd8+ Kf7 45. Rd6 fxg4 46. Kxg4 Ra1 47. Kg3 Rff1 48. Rd7+ Ke6 49. Kg2 Rf5 50. Ne3 1-0


[Site "https://www.chess.com"]

[Event "Titled Tuesday Blitz October 25 Late 2022"]
[White "Czernek, Tymon"]
[Black "Rios Escobar, Adan"]
[WhiteFideId "1199510"]
[BlackFideId "3403645"]
[WhiteElo "2240"]
[BlackElo "2342"]
[Result "1-0"]
[Round "01"]
[TimeControl "180+1"]
[Date "2022.10.26"]
[WhiteClock "0:00:36"]
[BlackClock "0:00:02"]

1. e4 c5 2. Nf3 d6 3. d4 cxd4 4. Nxd4 Nf6 5. Nc3 a6 6. Bc4 e6 7. O-O b5 8. Bb3 Bb7 9. Re1 Qd7 10. Bg5 Be7 11. f3 Nc6 12. Nce2 O-O 13. Nxc6 Bxc6 14. Nd4 Bb7 15. a4 b4 16. a5 h6 17. Bh4 d5 18. e5 Ne8 19. Bxe7 Qxe7 20. Qd2 Rb8 21. c3 bxc3 22. bxc3 Nc7 23. Qd3 Rfc8 24. Bc2 g6 25. Qe3 Kg7 26. Reb1 h5 27. Rb6 Na8 28. Rd6 Rd8 29. Qf4 Rxd6 30. exd6 Qf6 31. Qg3 e5 32. Nf5+ Kh7 33. Re1 gxf5 34. Rxe5 Rg8 35. Bxf5+ Qxf5 36. Rxf5 Rxg3 37. hxg3 Bc6 38. Rxf7+ Kg8 39. Ra7 Kf8 40. Rxa6 Bb7 41. Ra7 Bc6 42. a6 Ke8 43. Rh7 Kd8 44. g4 Nb6 45. g5 Be8 46. a7 Kc8 47. Rh8 Kd7 48. g6 1-0


[Site "https://www.chess.com"]

[Event "Titled Tuesday Blitz October 25 Late 2022"]
[White "D`Arruda, Ricardo D."]
[Black "Cabarkapa, Novak"]
[WhiteFideId "100692"]
[BlackFideId "943746"]
[WhiteElo "2435"]
[BlackElo "2390"]
[Result "1-0"]
[Round "01"]
[TimeControl "180+1"]
[Date "2022.10.26"]
[WhiteClock "0:01:05"]
[BlackClock "0:00:40"]

1. d4 Nc6 2. d5 Ne5 3. e4 Ng6 4. Nf3 e5 5. h4 h5 6. g3 Bb4+ 7. Bd2 Bxd2+ 8. Nbxd2 d6 9. c4 a5 10. Bg2 Nh6 11. Qc2 O-O 12. O-O-O Bg4 13. Rdf1 b5 14. c5 Qb8 15. Ng5 Qa7 16. c6 a4 17. f3 Bc8 18. f4 Ng4 19. f5 Ne3 20. Qd3 Nxf1 21. Rxf1 Ne7 22. Qf3 g6 23. fxg6 f5 24. Qxh5 Kg7 25. Qh7+ Kf6 26. exf5 Qc5+ 27. Kb1 Bxf5+ 28. Nde4# 1-0


[Site "https://www.chess.com"]

[Event "Titled Tuesday Blitz October 25 Late 2022"]
[White "Dardha, Daniel"]
[Black "Buscar, Michael"]
[WhiteFideId "240990"]
[BlackFideId "2603616"]
[WhiteElo "2528"]
[BlackElo "2010"]
[Result "1-0"]
[Round "01"]
[TimeControl "180+1"]
[Date "2022.10.26"]
[WhiteClock "0:02:10"]
[BlackClock "0:02:01"]

1. e3 e6 2. c4 c5 3. Nc3 Nc6 4. Nf3 Nf6 5. d4 d5 6. a3 a6 7. dxc5 Bxc5 8. b4 Bd6 9. Bb2 dxc4 10. Bxc4 b5 11. Bd3 Bb7 12. O-O O-O 13. Ne4 Nxe4 14. Bxe4 Qe7 15. Qc2 f5 16. Bxc6 Rac8 17. Nd4 e5 18. Qb3+ Kh8 19. Bxb7 Qxb7 20. Ne6 Rf6 21. Ng5 Rcf8 22. Rfd1 Rg6 23. Qd5 Qe7 24. Nf3 e4 25. Ne5 Rh6 26. g3 1-0


[Site "https://www.chess.com"]

[Event "Titled Tuesday Blitz October 25 Late 2022"]
[White "Dauw, Sterre"]
[Black "Goryachkina, Aleksandra"]
[WhiteFideId "248886"]
[BlackFideId "4147103"]
[WhiteElo "2187"]
[BlackElo "2484"]
[Result "0-1"]
[Round "01"]
[TimeControl "180+1"]
[Date "2022.10.26"]
[WhiteClock "0:01:53"]
[BlackClock "0:01:01"]

1. e4 c5 2. Nf3 e6 3. d4 cxd4 4. Nxd4 Nf6 5. Nc3 Nc6 6. Be2 d6 7. O-O Be7 8. f4 a6 9. Kh1 Bd7 10. Bf3 Nxd4 11. Qxd4 Bc6 12. Be3 O-O 13. a4 Rc8 14. Qd3 Nd7 15. Ne2 Nc5 16. Bxc5 dxc5 17. Qc3 b5 18. axb5 axb5 19. e5 b4 20. Qe3 Bb5 21. Rfd1 Qb6 22. Ng3 Rfd8 23. Ne4 h6 24. Be2 Bc6 25. Bc4 Rxd1+ 26. Rxd1 Qb7 27. Re1 Rd8 28. b3 Bxe4 0-1


[Site "https://www.chess.com"]

[Event "Titled Tuesday Blitz October 25 Late 2022"]
[White "Dilmukhametov, Artur"]
[Black "Salman, Pavel"]
[WhiteFideId "24179922"]
[BlackFideId "24153753"]
[WhiteElo "2197"]
[BlackElo "2187"]
[Result "1-0"]
[Round "01"]
[TimeControl "180+1"]
[Date "2022.10.26"]
[WhiteClock "0:00:13"]
[BlackClock "0:00:05"]

1. e4 c5 2. Nf3 e6 3. c3 Nf6 4. e5 Nd5 5. d4 cxd4 6. cxd4 b6 7. Bd3 Ba6 8. O-O Bxd3 9. Qxd3 Nc6 10. Nc3 Nxc3 11. bxc3 Be7 12. c4 d5 13. exd6 Qxd6 14. Qe4 O-O 15. Bf4 Qd7 16. Rfd1 Bf6 17. Rac1 Rfd8 18. d5 exd5 19. cxd5 Na5 20. Rc7 Qg4 21. h3 Qg6 22. Qxg6 hxg6 23. d6 Kf8 24. Rdc1 Ke8 25. Bd2 Rxd6 26. Re1+ Re6 27. Rxe6+ fxe6 28. Bxa5 bxa5 29. g4 a4 30. g5 Bb2 31. Nh4 Kd8 32. Rf7 Ke8 33. Rb7 a3 34. Nxg6 Rc8 35. Re7+ Kd8 36. Rxe6 Rc2 37. Ra6 Kc7 38. Nf4 Kb7 39. Ra4 Bc1 40. Nd3 Bxg5 41. Rxa3 Bf6 42. Ra4 Rc3 43. Nf4 Bd8 44. Kg2 Bb6 45. Nd5 Rc2 46. Nxb6 axb6 47. Kg3 Kc6 48. h4 b5 49. Ra8 Kc5 50. f3 Rc4 51. h5 Kb4 52. Ra7 Rc5 53. Kg4 Rc1 54. f4 Rg1+ 55. Kf5 Kc3 56. Rb7 b4 57. Ke6 Rg2 58. Ra7 Rg4 59. f5 Rg5 60. Rb7 Rxh5 61. Rxg7 Rh2 62. Ra7 Re2+ 63. Kf7 Kb2 64. f6 Ka1 65. Kg7 Rxa2 66. Rb7 Rg2+ 67. Kh7 Rh2+ 68. Kg8 Rg2+ 69. Kf8 Rg4 70. f7 Ka2 71. Ke7 Re4+ 72. Kf6 b3 73. Ra7+ Kb1 74. Ra5 Rf4+ 75. Rf5 Rxf5+ 76. Kxf5 b2 77. f8=Q Ka1 78. Qa3+ Kb1 79. Ke4 Kc2 80. Qc5+ Kd1 81. Qb4 Kc1 82. Qc4+ Kd1 83. Qb3+ Kc1 84. Qc3+ Kb1 85. Kd3 Ka2 86. Qa5+ Kb1 87. Kc3 Kc1 88. Qa3 Kd1 89. Qxb2 1-0


[Site "https://www.chess.com"]

[Event "Titled Tuesday Blitz October 25 Late 2022"]
[White "Djordjevic, Vuk"]
[Black "Huber, Benedikt"]
[WhiteFideId "902098"]
[BlackFideId "12923583"]
[WhiteElo "2456"]
[BlackElo "2199"]
[Result "1-0"]
[Round "01"]
[TimeControl "180+1"]
[Date "2022.10.26"]
[WhiteClock "0:01:10"]
[BlackClock "0:00:06"]

1. d4 e6 2. Nf3 f5 3. c4 Nf6 4. g3 Be7 5. Bg2 O-O 6. O-O d6 7. b4 Ne4 8. Bb2 Bf6 9. a4 Nd7 10. Qc2 e5 11. dxe5 dxe5 12. Rd1 Qe7 13. c5 a5 14. Nc3 axb4 15. Nxe4 fxe4 16. Qxe4 Nxc5 17. Qxb4 Bd7 18. a5 Bc6 19. Ba3 e4 20. Nd4 Bxd4 21. Rxd4 e3 22. Bxc6 exf2+ 23. Kf1 bxc6 24. Qxc5 Qf6 25. Rad1 Qh6 26. Rh4 Qg5 27. Qxg5 1-0


[Site "https://www.chess.com"]

[Event "Titled Tuesday Blitz October 25 Late 2022"]
[White "Dzierzak, Radoslaw"]
[Black "Injac, Teodora"]
[WhiteFideId "1161407"]
[BlackFideId "932400"]
[WhiteElo "2111"]
[BlackElo "2286"]
[Result "1-0"]
[Round "01"]
[TimeControl "180+1"]
[Date "2022.10.26"]
[WhiteClock "0:00:04"]
[BlackClock "0:00:05"]

1. e4 e6 2. Nf3 d5 3. Nc3 Nf6 4. e5 Nfd7 5. d4 c5 6. dxc5 Nc6 7. Bf4 Nxc5 8. h4 a6 9. h5 h6 10. Be2 Be7 11. Rh3 b5 12. Rg3 Bf8 13. a3 d4 14. Nb1 Bb7 15. Nbd2 Qc7 16. Kf1 Rd8 17. b4 Na4 18. Bd3 Nc3 19. Qe1 Ne7 20. Ne4 Nf5 21. Nd6+ Nxd6 22. exd6 Bxd6 23. Bxd6 Qxd6 24. Rxg7 Bxf3 25. gxf3 Qf4 26. Bg6 Rd7 27. Qxe6+ Kf8 28. Qxd7 Kxg7 29. Re1 Rf8 30. Re7 Qc1+ 31. Kg2 Qg5+ 32. Kf1 Qf4 33. Bd3 Kg8 34. Qg4+ Qxg4 35. fxg4 Nb1 36. Ra7 Nxa3 37. Rxa6 Nc4 38. Rxh6 Ra8 39. Rc6 Ne5 40. Rc5 Nxd3 41. cxd3 Ra3 42. Ke2 Ra2+ 43. Kf3 Rd2 44. Ke4 Rxf2 45. Kxd4 Rf4+ 46. Ke5 Rxg4 47. d4 Rg5+ 48. Kf6 Rg4 49. Rc8+ Kh7 50. d5 Rxb4 51. d6 Rd4 52. Ke7 f5 53. d7 1-0


[Site "https://www.chess.com"]

[Event "Titled Tuesday Blitz October 25 Late 2022"]
[White "Ernst, Sipke"]
[Black "Bogaudinov, Rushan"]
[WhiteFideId "1004689"]
[BlackFideId "4129288"]
[WhiteElo "2438"]
[BlackElo "1945"]
[Result "1-0"]
[Round "01"]
[TimeControl "180+1"]
[Date "2022.10.26"]
[WhiteClock "0:01:04"]
[BlackClock "0:00:14"]

1. d4 d5 2. c4 e6 3. Nf3 Nf6 4. g3 Bb4+ 5. Nc3 O-O 6. Bg2 c5 7. O-O cxd4 8. Nxd4 e5 9. Nc2 Bxc3 10. bxc3 Be6 11. Ne3 e4 12. cxd5 Nxd5 13. Bxe4 Nxc3 14. Qxd8 Nxe2+ 15. Kg2 Rxd8 16. Bxb7 Nd7 17. Bxa8 Rxa8 18. Re1 Nd4 19. Bb2 Nf5 20. Nxf5 Bxf5 21. Bd4 Be6 22. a4 a6 23. Rab1 h5 24. f3 Rd8 25. Red1 Rc8 26. Rbc1 Rb8 27. Rb1 Rc8 28. Rdc1 Rd8 29. Kf2 Nf8 30. Be3 Ng6 31. Rb6 Ne5 32. Rc3 a5 33. Rb5 Nc4 34. Rxh5 g6 35. Rc5 Nxe3 36. Kxe3 Ra8 37. h4 Kg7 38. g4 Ra7 39. h5 gxh5 40. Rxh5 Kf6 41. Rcc5 Rb7 42. Rb5 Rc7 43. Rhc5 Re7 44. Kf4 Bd7 45. Rb6+ Kg7 46. Rc7 Kf8 47. Rb8+ Kg7 48. Rbb7 1-0


[Site "https://www.chess.com"]

[Event "Titled Tuesday Blitz October 25 Late 2022"]
[White "Estrada Nieto, Julian"]
[Black "Hambleton, Aman"]
[WhiteFideId "5101018"]
[BlackFideId "2606577"]
[WhiteElo "2252"]
[BlackElo "2538"]
[Result "0-1"]
[Round "01"]
[TimeControl "180+1"]
[Date "2022.10.26"]
[WhiteClock "0:00:06"]
[BlackClock "0:00:08"]

1. e4 c5 2. Nf3 e6 3. c3 Nf6 4. e5 Nd5 5. Bc4 Nb6 6. Bb3 c4 7. Bc2 Nc6 8. d4 cxd3 9. Qxd3 d6 10. exd6 Qxd6 11. Qe2 Be7 12. O-O Qc5 13. Nbd2 Nd5 14. Ne4 Qb6 15. Rd1 O-O 16. a3 Qc7 17. c4 Nf4 18. Qe3 e5 19. Bd2 Bg4 20. Bc3 f6 21. Rd2 Rfd8 22. Rad1 Rxd2 23. Rxd2 Rd8 24. h3 Be6 25. c5 Nd5 26. Qe1 Nxc3 27. Rxd8+ Qxd8 28. Qxc3 Qd5 29. Nfd2 Nd4 30. Bd1 f5 31. Ng3 Qxc5 32. Qxc5 Bxc5 33. Nf3 Nxf3+ 34. Bxf3 e4 35. Be2 Bd4 36. b4 Bd7 37. Bd1 Bb2 38. a4 Kf7 39. Bb3+ Kf6 40. Ne2 Ke5 41. Kf1 g6 42. Ke1 Bd4 43. f4+ exf3 44. gxf3 Be3 45. Kd1 Bc6 46. Bg8 h6 47. Bh7 Bxa4+ 48. Ke1 g5 49. Ng3 Bd7 50. Nh5 b6 51. Ke2 Bd4 52. Bg8 Bb5+ 53. Kd2 a5 54. bxa5 bxa5 55. Ng3 a4 56. Ne2 Bc5 57. Nc1 Bb4+ 58. Kc2 Bc6 59. Nd3+ Kf6 60. Nxb4 Bxf3 61. Bc4 g4 62. hxg4 fxg4 63. Bd5 Bxd5 64. Nxd5+ Ke5 65. Ne3 Kf4 66. Kd3 a3 67. Nd5+ Kf3 68. Nc3 g3 69. Ne2 a2 70. Nd4+ Kf2 71. Nc2 g2 72. Kc3 g1=Q 0-1


[Site "https://www.chess.com"]

[Event "Titled Tuesday Blitz October 25 Late 2022"]
[White "Ezat, Mohamed"]
[Black "Varriale, Luca"]
[WhiteFideId "10600906"]
[BlackFideId "882461"]
[WhiteElo "2386"]
[BlackElo "2245"]
[Result "1-0"]
[Round "01"]
[TimeControl "180+1"]
[Date "2022.10.26"]
[WhiteClock "0:02:09"]
[BlackClock "0:01:59"]

1. d4 Nf6 2. c4 c5 3. d5 b5 4. cxb5 a6 5. Nc3 g6 6. e4 Bg7 7. e5 Ng8 8. Nf3 d6 9. Bf4 axb5 10. Bxb5+ Bd7 11. O-O Nh6 12. exd6 exd6 13. Re1+ Kf8 14. Bxd6+ Kg8 15. Be5 Bxb5 16. Nxb5 Nd7 17. Bxg7 Kxg7 18. Qd2 Nf5 19. d6 Re8 20. Nc7 Rxe1+ 21. Rxe1 Rxa2 22. Qc3+ Qf6 23. Ne8+ 1-0


[Site "https://www.chess.com"]

[Event "Titled Tuesday Blitz October 25 Late 2022"]
[White "Faizrakhmanov, Ramil"]
[Black "Malka, Samuel"]
[WhiteFideId "24103209"]
[BlackFideId "20643675"]
[WhiteElo "2421"]
[BlackElo "2461"]
[Result "1-0"]
[Round "01"]
[TimeControl "180+1"]
[Date "2022.10.26"]
[WhiteClock "0:00:47"]
[BlackClock "0:00:04"]

1. d4 Nf6 2. c4 g6 3. Nc3 Bg7 4. e4 d6 5. h3 e5 6. dxe5 dxe5 7. Qxd8+ Kxd8 8. Nf3 Nc6 9. Bg5 h6 10. O-O-O+ Bd7 11. Be3 Kc8 12. Bd3 Be6 13. Nd5 Nd7 14. Bc2 Nb6 15. b3 Bxd5 16. exd5 Nb4 17. a3 Nxc2 18. Kxc2 Nd7 19. g4 a5 20. a4 b6 21. h4 Kb7 22. h5 Nf6 23. Rdg1 Ne4 24. Nh4 gxh5 25. Nf5 Bf6 26. f3 Nd6 27. Rxh5 Nxf5 28. Rxf5 Bg5 29. Bxg5 hxg5 30. Rxf7 Raf8 31. Rxf8 Rxf8 32. Re1 Rxf3 33. Rxe5 Rf2+ 34. Kc3 Rf3+ 35. Kb2 Rf2+ 36. Ka3 Rg2 37. Rxg5 Kc8 38. Rg8+ Kd7 39. g5 Ke7 40. g6 Kd7 41. c5 bxc5 42. Ra8 Rxg6 43. Rxa5 Rg8 44. Rxc5 Kd6 45. Rc6+ Kd7 46. a5 Rg5 47. Rc5 Kd6 48. b4 Rg8 49. Ka4 Rb8 50. Rc6+ Kxd5 51. Rxc7 Kd6 52. Rc1 Rb7 53. a6 Ra7 54. b5 Rh7 55. Ka5 Rh4 56. a7 1-0


[Site "https://www.chess.com"]

[Event "Titled Tuesday Blitz October 25 Late 2022"]
[White "Fernandez De La Vara, Arnaldo"]
[Black "Liu, Kelsey"]
[WhiteFideId "3518388"]
[BlackFideId "30944481"]
[WhiteElo "2387"]
[BlackElo "2322"]
[Result "1-0"]
[Round "01"]
[TimeControl "180+1"]
[Date "2022.10.26"]
[WhiteClock "0:02:12"]
[BlackClock "0:00:01"]

1. Nf3 Nf6 2. b3 e6 3. Bb2 Be7 4. g3 O-O 5. Bg2 d5 6. c4 c5 7. cxd5 exd5 8. O-O Nc6 9. d4 b6 10. Nc3 Bf5 11. Rc1 Rc8 12. dxc5 bxc5 13. Na4 Nb4 14. a3 Na6 15. Nd2 d4 16. Bb7 Qd6 17. Nc4 Qe6 18. Bxc8 Rxc8 19. Re1 Qd5 20. f3 Bh3 21. e4 dxe3 22. Rxe3 1-0


[Site "https://www.chess.com"]

[Event "Titled Tuesday Blitz October 25 Late 2022"]
[White "Ferreira, Vitor Hugo Vieira"]
[Black "Salgado Lopez, Ivan"]
[WhiteFideId "2119765"]
[BlackFideId "2257327"]
[WhiteElo "2168"]
[BlackElo "2594"]
[Result "1-0"]
[Round "01"]
[TimeControl "180+1"]
[Date "2022.10.26"]
[WhiteClock "0:01:36"]
[BlackClock "0:01:14"]

1. Nf3 d5 2. g3 e6 3. Bg2 Nf6 4. O-O Be7 5. c4 O-O 6. cxd5 exd5 7. d3 c6 8. Nc3 Na6 9. e4 dxe4 10. dxe4 Nc5 11. e5 Qxd1 12. Rxd1 Nfd7 13. Bf4 Re8 14. Rd2 h6 15. h4 Ne6 16. Be3 Nb6 17. b3 Bc5 18. Bxc5 Nxc5 19. Rad1 Bg4 20. Re1 Ncd7 21. Rde2 Re7 22. Re3 Rae8 23. Nh2 Bf5 24. f4 h5 25. Nf3 Bg4 26. Ng5 Nf8 27. Nge4 Nc8 28. Nf2 Bf5 29. Na4 Ne6 30. Bf3 g6 31. Nc3 Rd7 32. Nfe4 Bxe4 33. Nxe4 Kg7 34. Nf6 Red8 35. Nxd7 Rxd7 36. Rd1 Nd4 37. Kf2 Ne7 38. Red3 c5 39. b4 b6 40. bxc5 bxc5 41. Be4 Rc7 42. Rc3 Nc8 43. Rxd4 1-0


[Site "https://www.chess.com"]

[Event "Titled Tuesday Blitz October 25 Late 2022"]
[White "Florescu, Codrut-Constantin"]
[Black "Sorokin, Aleksey"]
[WhiteFideId "1202200"]
[BlackFideId "24176460"]
[WhiteElo "2191"]
[BlackElo "2476"]
[Result "0-1"]
[Round "01"]
[TimeControl "180+1"]
[Date "2022.10.26"]
[WhiteClock "0:02:42"]
[BlackClock "0:02:20"]

1. e4 c6 2. d4 d5 3. e5 Bf5 4. h4 h5 5. c4 e6 6. Nc3 Ne7 7. Bd3 Bxd3 8. Qxd3 dxc4 9. Qxc4 Nd7 10. Nf3 Nf5 11. Bg5 Be7 12. O-O-O Nb6 13. Qb3 Qc7 14. Kb1 a5 15. Ne4 a4 16. Qc2 a3 17. b3 Nd5 18. Nfd2 Nxd4 19. Qd3 Qxe5 20. Nc4 Qxe4 0-1


[Site "https://www.chess.com"]

[Event "Titled Tuesday Blitz October 25 Late 2022"]
[White "Floresvillar Gonzalez, Luis Migu"]
[Black "Lymar, Vladislav"]
[WhiteFideId "5100542"]
[BlackFideId "14162180"]
[WhiteElo "2040"]
[BlackElo "2094"]
[Result "0-1"]
[Round "01"]
[TimeControl "180+1"]
[Date "2022.10.26"]
[WhiteClock "0:00:14"]
[BlackClock "0:00:27"]

1. d4 d5 2. c3 Nf6 3. Nf3 c5 4. Bg5 Ne4 5. h4 h6 6. Bf4 Nc6 7. e3 Bg4 8. Be2 e6 9. Nbd2 Nxd2 10. Qxd2 Be7 11. g3 Bxf3 12. Bxf3 O-O 13. h5 b5 14. O-O b4 15. Kg2 a5 16. Rh1 Rc8 17. a4 Kh8 18. Rad1 Bg5 19. dxc5 Bxf4 20. exf4 Qe7 21. c4 Rfd8 22. cxd5 exd5 23. Rhe1 Qxc5 24. Rc1 Qd4 25. Qxd4 Nxd4 26. Rxc8 Rxc8 27. Bxd5 Kg8 28. Rd1 Nf5 29. b3 Rc2 30. Rd3 Kf8 31. Be4 Rc5 32. Bxf5 Rxf5 33. Kf3 Rxh5 34. g4 Rc5 35. f5 Ke7 36. Ke4 Kf6 37. f4 Ke7 38. g5 h5 39. Re3 Rc3 40. Rxc3 bxc3 41. Kd3 h4 42. b4 h3 43. b5 h2 44. b6 h1=Q 45. Kxc3 Qc6+ 0-1


[Site "https://www.chess.com"]

[Event "Titled Tuesday Blitz October 25 Late 2022"]
[White "Forgacs, Attila Jr."]
[Black "Amburgy, Ryan"]
[WhiteFideId "773654"]
[BlackFideId "30924820"]
[WhiteElo "2168"]
[BlackElo "2121"]
[Result "0-1"]
[Round "01"]
[TimeControl "180+1"]
[Date "2022.10.26"]
[WhiteClock "0:00:04"]
[BlackClock "0:00:17"]

1. e4 c6 2. d4 d5 3. e5 c5 4. dxc5 e6 5. a3 Bxc5 6. Nf3 Nd7 7. b4 Be7 8. Bb2 a5 9. b5 f6 10. exf6 Bxf6 11. Bxf6 Qxf6 12. Ra2 Ne7 13. Be2 O-O 14. O-O Nc5 15. c4 b6 16. cxd5 Nxd5 17. Bc4 Bb7 18. Re1 Rad8 19. Rd2 Kh8 20. Rd4 h6 21. Qc2 Nf4 22. Rxd8 Rxd8 23. Nbd2 Nh3+ 24. Kf1 Ng5 25. Nxg5 Qxg5 26. Nf3 Bxf3 27. gxf3 Qf4 28. Ba2 Qxh2 29. Bb1 Rd3 30. Qc4 Qh1+ 31. Ke2 Qxf3+ 32. Kf1 Rd1 33. Qc2 Qh1+ 34. Ke2 Qxe1+ 35. Kf3 Rd3+ 36. Kg2 Qe4+ 37. Kf1 Qd4 38. Qe2 Rd1+ 39. Kg2 Rxb1 40. Qh5 Qe4+ 41. Kh2 Rh1+ 0-1


[Site "https://www.chess.com"]

[Event "Titled Tuesday Blitz October 25 Late 2022"]
[White "Garayev, Kanan"]
[Black "Janaszak, Dawid"]
[WhiteFideId "13406671"]
[BlackFideId "1119206"]
[WhiteElo "2244"]
[BlackElo "2226"]
[Result "1-0"]
[Round "01"]
[TimeControl "180+1"]
[Date "2022.10.26"]
[WhiteClock "0:00:47"]
[BlackClock "0:00:07"]

1. d4 Nf6 2. c4 g6 3. g3 Bg7 4. Bg2 O-O 5. Nc3 d6 6. Nf3 c5 7. O-O Nc6 8. dxc5 dxc5 9. Be3 Qa5 10. Qa4 Qb4 11. Qxb4 cxb4 12. Nd5 Nxd5 13. cxd5 Na5 14. Bd4 Bf5 15. Bxg7 Kxg7 16. Nd4 Rac8 17. Rac1 Nc4 18. e4 Bd7 19. Rc2 Ne5 20. f4 Nd3 21. Rd2 Nc5 22. e5 Rfd8 23. Rc1 Na4 24. Rcd1 Be8 25. f5 Rc5 26. Nb3 Rcc8 27. g4 b6 28. Bf1 h5 29. h3 hxg4 30. hxg4 Bd7 31. d6 e6 32. f6+ Kf8 33. Rh2 Kg8 34. Ba6 Bc6 35. Bxc8 Rxc8 36. Rd3 Be4 37. Rdh3 Rc1+ 38. Nxc1 1-0


[Site "https://www.chess.com"]

[Event "Titled Tuesday Blitz October 25 Late 2022"]
[White "Gardezi, Arsal"]
[Black "Suder, Jakub"]
[WhiteFideId "30949521"]
[BlackFideId "1195310"]
[WhiteElo "1906"]
[BlackElo "2174"]
[Result "0-1"]
[Round "01"]
[TimeControl "180+1"]
[Date "2022.10.26"]
[WhiteClock "0:00:06"]
[BlackClock "0:00:58"]

1. e4 c5 2. Nf3 e6 3. d4 cxd4 4. Nxd4 Nc6 5. Nc3 Nf6 6. Ndb5 d6 7. Bf4 e5 8. Bg5 a6 9. Na3 Be6 10. Bxf6 Qxf6 11. Nd5 Bxd5 12. exd5 Ne7 13. c4 Qh4 14. Bd3 g6 15. g3 Qd4 16. Qa4+ Kd8 17. O-O-O Bh6+ 18. Kb1 Qb6 19. Rhf1 f5 20. f4 e4 21. Be2 Rc8 22. Nc2 Bg7 23. Qa3 Kc7 24. Rc1 Kb8 25. Rfd1 Rc7 26. Ne3 Rhc8 27. c5 Rxc5 28. Nc4 Qc7 29. b4 Rxd5 30. Rxd5 Nxd5 31. Ne3 Nc3+ 32. Rxc3 Qxc3 33. Qxc3 Bxc3 34. Nd5 Bd4 35. b5 axb5 36. Bxb5 Rc5 0-1


[Site "https://www.chess.com"]

[Event "Titled Tuesday Blitz October 25 Late 2022"]
[White "Gatterer, Florian"]
[Black "Osmak, Yuliia"]
[WhiteFideId "811688"]
[BlackFideId "14101602"]
[WhiteElo "2218"]
[BlackElo "2328"]
[Result "0-1"]
[Round "01"]
[TimeControl "180+1"]
[Date "2022.10.26"]
[WhiteClock "0:00:07"]
[BlackClock "0:00:08"]

1. Nf3 d5 2. b3 Nf6 3. Bb2 g6 4. e3 Bg7 5. c4 e6 6. d4 O-O 7. Nbd2 b6 8. cxd5 exd5 9. Rc1 Bb7 10. Be2 Ne4 11. Nxe4 dxe4 12. Ne5 Qe7 13. O-O c5 14. f4 Nd7 15. Nxd7 Qxd7 16. f5 gxf5 17. Bc4 Rad8 18. Qh5 Bc8 19. Qg5 Kh8 20. Rcd1 Qc6 21. Qxg7+ Kxg7 22. d5+ Qf6 23. Bxf6+ Kxf6 24. g4 Rg8 25. h3 h5 26. Rf4 hxg4 27. hxg4 Rxg4+ 28. Rxg4 fxg4 29. Rf1+ Bf5 30. d6 Rxd6 31. Bxf7 Ke5 32. Bc4 Rd2 33. Rf2 Rxf2 34. Kxf2 Be6 35. Be2 a5 36. Kg3 Bd7 37. Bd1 b5 38. a3 b4 39. axb4 cxb4 40. Bc2 Be6 41. Bd1 a4 42. bxa4 b3 43. Kf2 b2 44. Bc2 Bb3 45. Bb1 Bxa4 46. Kg3 Bd1 47. Kf2 Bf3 48. Kg3 Kd5 49. Kf4 Kc4 50. Ke5 Kc3 51. Kf4 Kd2 52. Kg3 Kc1 53. Ba2 b1=Q 54. Bxb1 Kxb1 55. Kf2 Kc2 56. Kg3 Kd2 57. Kf4 Ke2 58. Kg3 Kxe3 59. Kh4 Kf4 60. Kh5 g3+ 61. Kh4 g2 62. Kh3 g1=Q 0-1


[Site "https://www.chess.com"]